 Dungeon Crawl Stone Soup version 0.20-a0-1116-gaa52201 (webtiles) character file.

6339 Fhqwhgads the Geomancer (level 10, -6/59 HPs)
             Began as a Gargoyle Earth Elementalist on May 7, 2017.
             Was an Elder of Cheibriados.
             Mangled by a yak (13 damage)
             ... on level 1 of the Lair of Beasts.
             The game lasted 00:20:48 (8737 turns).

Fhqwhgads the Geomancer (GrEE)                      Turns: 8737, Time: 00:20:49

Health: -6/59      AC: 12    Str: 21    XL:     10   Next: 96%
Magic:  0/16       EV: 12    Int: 28    God:    Cheibriados [****..]
Gold:   439        SH:  9    Dex: 19    Spells: 0/13 levels left

rFire    . . .     SeeInvis .   m - +2 dagger (flame)
rCold    . . .     Gourm    .   I - +3 buckler
rNeg     + . .     Faith    .   c - +0 robe
rPois    ∞         Spirit   .   F - +0 helmet
rElec    +         Reflect  .   O - +0 cloak
rCorr    .         Harm     .   k - +0 pair of gloves
MR       .....                  (no boots)
Stlth    ++........             (no amulet)
Regen    0.2/turn               (no ring)
MPRegen  0.2/turn               (no ring)

@: very slightly contaminated, very slow
A: negative energy resistance 1, electricity resistance, unbreathing,
petrification resistance, rot immunity, AC +7
a: Bend Time, Temporal Distortion, Slouch, Renounce Religion


You were on level 1 of the Lair of Beasts.
You worshipped Cheibriados.
Cheibriados was greatly pleased with you.
You were not hungry.

You visited 3 branches of the dungeon, and saw 11 of its levels.

You collected 439 gold pieces.

Inventory:

Hand Weapons
 m - a +2 dagger of flaming (weapon)
 V - a +1 flail of protection
Missiles
 b - 81 stones (quivered)
Armour
 c - a +0 robe (worn)
 k - a +0 pair of gloves (worn)
 F - a +0 helmet (worn)
 I - a +3 buckler (worn)
 O - a +0 cloak (worn)
Wands
 M - a wand of flame (38/48)
Scrolls
 n - 4 scrolls of identify
 q - 2 scrolls of teleportation
 s - 2 scrolls of magic mapping
 G - a scroll of remove curse
Potions
 l - 2 potions of curing
 A - a potion of resistance
 L - a potion of invisibility
Comestibles
 d - 6 bread rations
 J - 4 meat rations


   Skills:
 - Level 5.1 Fighting
 - Level 1.5 Dodging
 - Level 2.1 Stealth
 - Level 5.5 Shields
 - Level 2.0 Spellcasting
 - Level 4.1 Conjurations
 - Level 0.7 Transmutations
 + Level 13.9 Earth Magic
 + Level 8.1 Invocations


You couldn't memorise any spells.
You knew the following spells:

 Your Spells              Type           Power        Failure   Level  Hunger
a - Sandblast             Erth           ######       1%          1    None
b - Stone Arrow           Conj/Erth      ######       1%          3    ###....
c - Petrify               Tmut/Erth      #####...     4%          4    ####...
d - Lee's Rapid Deconstr  Erth           ######....   1%          5    ######.


Dungeon Overview and Level Annotations

Branches:
Dungeon (9/15)             Temple (1/1) D:5            Lair (1/6) D:9
    Orc: D:9-12

Altars:
Ashenzari
Cheibriados
Dithmenos
Elyvilon
Fedhas
Gozag
Kikubaaqudgha
Makhleb
Nemelex Xobeh
Okawaru
Qazlal
Ru
Trog
Uskayaw
Wu Jian
Xom
Yredelemnul
Zin
The Shining One

Annotations:
D:9 Croanthos's ghost, journeyman DrBe


Innate Abilities, Weirdness & Mutations

You are resistant to torment.
Your stone body is resilient. (AC +7)
You are immune to poison.
You resist negative energy. (rN+)
You are resistant to electric shocks. (rElec)
You can survive without breathing.
You are immune to petrification.
You are immune to rotting.


Message History

You block the yak's attack. The yak gores you!
* * * LOW HITPOINT WARNING * * *
You block the yak's attack. The yak gores you.
* * * LOW HITPOINT WARNING * * *
The yak barely misses you. You block the yak's attack.
Casting: Sandblast
Confirm with . or Enter, or press ? or * to list all spells.
Aiming: Sandblast
Press: ? - help, Shift-Dir - straight line, f/p - yak
Aim: a yak (severely wounded)
The blast of sand hits the yak.
The yak is severely wounded.
b - 81 stones The yak gores you!
* * * LOW HITPOINT WARNING * * *
The yak closely misses you. You block the yak's attack. The yak gores you!
You die...

#.... #.....#..#.## #.##+# #....#
#........+..# ### #.#... #....#
#.....#....####.###.#... #....##
#.....#..#..........#... #.....#
#........#..(.......#... #.....##
#.....#.............##.#
#....#.###.....#.##..............
#............)................[..
#..)[/?.........@YY..............
#..%<:!.........Y................
################.#.#..###########
########


You could see 3 yaks.

Vanquished Creatures
  A spiny frog (Lair:1)
  A komodo dragon (Lair:1)
  Grinder (D:3)
  3 hippogriffs
  A human (D:8)
  6 yaks (Lair:1)
  4 hogs (D:8)
  A hungry ghost (D:7)
  3 orc warriors
  A porcupine (D:9)
  2 ice beasts
  A sky beast (D:8)
  4 black bears
  An eye of draining (D:5)
  A necrophage (D:7)
  3 ogres
  2 centaurs
  2 crocodiles (D:9)
  2 bullfrogs
  A gnoll sergeant (D:7)
  3 killer bees (D:8)
  4 wights (D:7)
  3 howler monkeys (D:7)
  3 crimson imps
  4 quasits
  3 hounds
  3 orc priests
  3 orc wizards
  3 iguanas
  5 worker ants
  A hound zombie (D:5)
  Robin (D:4)
  A worker ant zombie (D:6)
  A howler monkey skeleton (D:7)
  9 gnolls
  7 adders
  2 shadow imps (D:9)
  An ooze (D:3)
  An adder skeleton (D:4)
  A worm (D:2)
  A dart slug (D:2)
  3 leopard geckos
  22 orcs
  4 ball pythons
  4 bats
  10 giant cockroaches
  26 goblins
  11 hobgoblins
  3 jackals (D:7)
  5 kobolds
  A quokka (D:3)
  5 frilled lizards
  A quokka zombie (D:8)
  14 rats
210 creatures vanquished.

Vanquished Creatures (others)
  An ogre (D:8)
  A leopard gecko (D:8)
  A fungus (D:9)
  2 plants (D:9)
5 creatures vanquished.

Grand Total: 215 creatures vanquished

Notes
Turn   | Place    | Note
-------+----------+-------------------------------------------
     0 | D:1      | Fhqwhgads the Gargoyle Earth Elementalist began the quest for the Orb.
     0 | D:1      | Reached XP level 1. HP: 10/10 MP: 3/3
    70 | D:1      | Reached skill level 4 in Earth Magic
   251 | D:1      | Reached XP level 2. HP: 14/15 MP: 5/5
   559 | D:1      | Reached XP level 3. HP: 18/19 MP: 6/6
   591 | D:1      | Reached skill level 5 in Earth Magic
   923 | D:2      | Reached XP level 4. HP: 21/24 MP: 7/7
  1070 | D:2      | Found a faded altar of an unknown god.
  1080 | D:2      | Reached skill level 6 in Earth Magic
  1237 | D:2      | Learned a level 3 spell: Stone Arrow
  1329 | D:3      | Reached skill level 1 in Conjurations
  1330 | D:3      | Reached XP level 5. HP: 8/28 MP: 5/8
  1688 | D:3      | Noticed Grinder
  1696 | D:3      | Killed Grinder
  1696 | D:3      | Reached skill level 7 in Earth Magic
  1696 | D:3      | Reached XP level 6. HP: 30/32 MP: 2/9
  2479 | D:4      | Noticed Robin
  2486 | D:4      | Killed Robin
  2496 | D:4      | HP: 1/32 [goblin/dagger[Robin] (1)]
  2910 | D:4      | Found a blossoming altar of Fedhas.
  3010 | D:4      | Reached XP level 7. HP: 36/36 MP: 7/10
  3019 | D:4      | Learned a level 4 spell: Petrify
  3846 | D:5      | Entered Level 5 of the Dungeon
  3862 | D:5      | Found an iron altar of Okawaru.
  3949 | D:5      | Reached skill level 1 in Shields
  3965 | D:5      | Reached skill level 8 in Earth Magic
  4031 | D:5      | Found an opulent altar of Gozag.
  4140 | D:5      | Found a bloodstained altar of Trog.
  4285 | D:5      | Found a staircase to the Ecumenical Temple.
  4351 | Temple   | Entered the Ecumenical Temple
  4355 | Temple   | Became a worshipper of Cheibriados the Contemplative
  4681 | D:5      | Found a glowing golden altar of the Shining One.
  5388 | D:6      | Reached skill level 9 in Earth Magic
  5388 | D:6      | Reached XP level 8. HP: 40/41 MP: 6/11
  5548 | D:7      | Reached skill level 5 in Shields
  5573 | D:7      | Noticed a hippogriff
  5582 | D:7      | Killed a hippogriff
  5582 | D:7      | Reached skill level 10 in Earth Magic
  5705 | D:7      | Reached skill level 1 in Fighting
  5767 | D:7      | Reached * piety under Cheibriados
  5861 | D:7      | Found a shattered altar of Ashenzari.
  5942 | D:7      | Reached XP level 9. HP: 49/49 MP: 8/12
  6254 | D:7      | Reached skill level 11 in Earth Magic
  6564 | D:7      | Reached ** piety under Cheibriados
  6568 | D:7      | Reached skill level 5 in Fighting
  6664 | D:8      | Reached skill level 1 in Invocations
  6704 | D:8      | Found a stormy altar of Qazlal.
  6826 | D:8      | Found a hide-covered altar of Uskayaw.
  7111 | D:8      | Found a burning altar of Makhleb.
  7111 | D:8      | Found a shadowy altar of Dithmenos.
  7161 | D:8      | Reached skill level 12 in Earth Magic
  7245 | D:8      | Reached XP level 10. HP: 59/59 MP: 9/13
  7250 | D:8      | Reached *** piety under Cheibriados
  7250 | D:8      | Reached skill level 5 in Invocations
  7845 | D:8      | Learned a level 5 spell: Lee's Rapid Deconstruction
  7916 | D:9      | Noticed Croanthos's ghost (journeyman DrBe)
  8147 | D:9      | Reached skill level 13 in Earth Magic
  8259 | D:9      | Found a staircase to the Lair.
  8514 | Lair:1   | Entered Level 1 of the Lair of Beasts
  8696 | Lair:1   | Noticed a spiny frog
  8702 | Lair:1   | Killed a spiny frog
  8716 | Lair:1   | Reached **** piety under Cheibriados
  8737 | Lair:1   | Mangled by a yak

Vault maps used:
D:1:      eino_arrival_cavern_b
D:2:      chequers_ecumenical_altar_simple, first_bread, st_stairs_7
D:3:      uniq_grinder
D:4:      kennysheep_mini, uniq_robin
D:5:      trog_eyes_of_draining, okawaru_ov_weapons_minmay, marbit_many_paths,
          lemuel_doored_altar, minmay_temple_entry_enclosed_plants,
          eino_tiny_chamber
D:7:      lemuel_crystal_altar
D:8:      grunt_temple_overflow_open, kennysheep_mini_moat,
          nicolae_water_bricks, grunt_livestock, lemuel_flamethrower_2
D:9:      grunt_lair_entry_orc_guard_hut, uniq_erolcha
Temple:   nicolae_temple_x_marks_the_god

Skill      XL: |  1  2  3  4  5  6  7  8  9 10 |
---------------+-------------------------------+-----
Earth Magic    | 4 5 6 7 9 10 12 13 | 13.9
Conjurations   | 1 3 4 |  4.1
Shields        | 3 5 |  5.5
Fighting       | 2 5 |  5.1
Invocations    | 4 8 |  8.1
Dodging        | |  1.5
Stealth        | |  2.1
Spellcasting   | |  2.0
Transmutations | |  0.7

Action                   |  1- 3 |  4- 6 |  7- 9 | 10-12 || total
-------------------------+-------+-------+-------+-------++-------
Melee: Unarmed           |    18 |       |       |       ||    18
       Dagger            |   113 |   104 |   272 |    32 ||   521
       Hand axe          |     2 |       |       |       ||     2
       Flail             |       |       |       |     8 ||     8
 Cast: Sandblast         |     1 |    31 |   107 |    91 ||   230
       Lee's Rapid Decon |       |       |       |     2 ||     2
Evoke: Wand              |       |       |       |     4 ||     4
  Use: Scroll            |       |       |       |    26 ||    26
       Potion            |       |       |       |     1 ||     1
 Stab: Sleeping          |     3 |     8 |     3 |     2 ||    16
  Eat: Chunk             |       |     7 |     9 |     3 ||    19
       Fruit             |       |       |     2 |       ||     2
       Royal jelly       |       |       |     2 |       ||     2
Armor: Robe              |    48 |    44 |   105 |    39 ||   236
       Chain mail        |       |       |       |     8 ||     8
Dodge: Dodged            |    87 |    86 |   139 |    57 ||   369
Block: Buckler           |       |       |   100 |    63 ||   163
